 Dungeon Crawl Stone Soup version 0.28-a0-1594-ga885d4b3d6 (webtiles) character file.

Game seed: 15469277751045573424

259 lonewolfV2 the Conjurer (level 6, -2/33 HPs)
             Began as a Tengu Conjurer on Jan 20, 2022.
             Shot with an arrow by a centaur (7 damage)
             ... on level 5 of the Dungeon.
             The game lasted 00:10:23 (6002 turns).

lonewolfV2 the Conjurer (Tengu Conjurer)            Turns: 6002, Time: 00:10:23

Health: -2/33      AC:  3    Str: 13    XL:     6   Next: 17%
Magic:  10/12      EV: 15    Int: 21    God:
Gold:   107        SH:  0    Dex: 12    Spells: 5/11 levels left

rFire   + . .      SeeInvis .     - Unarmed
rCold   . . .      Faith    .   (no shield)
rNeg    . . .      Spirit   .   a - +1 robe
rPois   .          Reflect  .   (helmet restricted)
rElec   .          Harm     .   (no cloak)
rCorr   .          Rampage  .   (no gloves)
Will    .....                   (boots unavailable)
Stlth   ++........              (no amulet)
HPRegen 0.11/turn               c - +6 ring of strength
MPRegen 0.13/turn               e - ring of protection from fire

@: flying quickly and evasively, quick
A: beak, talons 3, nimble flight
a: no special abilities


You were on level 5 of the Dungeon.
You visited 1 branch of the dungeon, and saw 5 of its levels.

You collected 107 gold pieces.

Inventory:

Armour
 a - a +1 robe (worn)
Jewellery
 c - a +6 ring of strength (left hand)
 e - a ring of protection from fire (right hand)
 i - a ring of protection from cold
Wands
 k - a wand of acid (3)
 n - a wand of iceblast (9)
Scrolls
 m - a scroll of identify
Potions
 b - a potion of resistance
 d - 3 potions of might
 f - a potion of brilliance
 g - a potion of ambrosia {unknown}
 h - 3 potions of curing {unknown}
 j - 3 potions of haste {unknown}
 l - a potion of mutation {unknown}


   Skills:
 + Level 0.8 Fighting
 + Level 2.8 Dodging
 + Level 3.0 Stealth
 + Level 1.0 Unarmed Combat
 + Level 3.3 Spellcasting
 + Level 7.4 Conjurations
 + Level 0.1 Hexes


You had 5 spell levels left.
You knew the following spells:

 Your Spells              Type           Power      Damage    Failure   Level
a - Magic Dart            Conj           100%       1d8       1%          1
b - Dazzling Flash        Conj/Hex       38%        N/A       9%          3
c - Searing Ray           Conj           68%        2d6       1%          2

Your spell library contained the following spells:

 Spells                   Type           Power      Damage    Failure   Level
 Fulminant Prism          Conj/Hex       9%         3d7       26%         4
 Iskenderun's Mystic Bla  Conj/Tloc      19%        2d6       28%         4


Dungeon Overview and Level Annotations

Branches:
Dungeon (5/15)
 Temple: D:4-7

Altars:
Hepliaklqana
Makhleb
Ru
Trog
Uskayaw
Yredelemnul
Zin

Shops:
D:3 ?


Innate Abilities, Weirdness & Mutations

You have a beak for a mouth.
You have claws for feet.
Your magical nature lets you fly swiftly and evasively.


Message History

Done exploring.
Done exploring.
Done exploring.
Done exploring.
You see here an adder corpse.
There is a large open translucent door here.
There is an open door here.
There is a bloodstained altar of Trog here.
There is a stone staircase leading down here.
You fly downwards.
There is a stone staircase leading up here.
A centaur is nearby!
Found a scroll of identify.
The centaur wields a +0 shortbow of freezing.
It is covered in frost.
The centaur shoots an arrow.
The arrow hits you! The arrow freezes you.
You hear a bark!
Casting: Magic Dart (safe; 1% risk of failure)
Confirm with . or Enter, or press ? or * to list all spells.
Aiming: Magic Dart (safe; 1% risk of failure)
Press: ? - help, Shift-Dir - straight line, f - centaur
Aim: a centaur, wielding a +0 shortbow of freezing and quivering arrows (100% to hit)
The magic dart hits the centaur.
The centaur is moderately wounded.
A jackal comes into view.
Casting: Magic Dart (safe; 1% risk of failure)
Confirm with . or Enter, or press ? or * to list all spells.
Aiming: Magic Dart (safe; 1% risk of failure)
Press: ? - help, Shift-Dir - straight line, f/p - centaur
Aim: a centaur, wielding a +0 shortbow of freezing and quivering arrows (moderately wounded, 100% to hit)
The magic dart hits the centaur but does no damage.
The centaur is moderately wounded.
The centaur shoots an arrow.
The arrow hits you! The arrow freezes you.
* * * LOW HITPOINT WARNING * * *
A jackal comes into view.
The centaur shoots an arrow.
The arrow completely misses you.
The jackal barks!
There is a stone staircase leading up here.
The centaur shoots an arrow.
The arrow hits you!
You die...

... ?......
.... .......
....####.......
...............
....c..........
...............
..hh.......#
#....# #@...#
#....# .....#
......#
...#.#.# ....
.#.# ####. .#.#
#. .#


You could see a centaur.

Vanquished Creatures
  A scorpion (D:4)
  A bullfrog skeleton (D:4)
  An iguana (D:4)
  4 adders
  An adder skeleton (D:4)
  5 dart slugs
  A worm (D:2)
  5 orcs
  5 ball pythons
  4 bats
  6 endoplasms
  3 giant cockroaches
  6 goblins
  8 hobgoblins
  9 jackals
  5 kobolds
  5 quokkas
  5 frilled lizards
  7 rats
82 creatures vanquished.

Vanquished Creatures (others)
  6 plants (D:3)
6 creatures vanquished.

Grand Total: 88 creatures vanquished

Notes
Turn   | Place    | Note
-------+----------+-------------------------------------------
     0 | D:1      | lonewolfV2 the Tengu Conjurer began the quest for the Orb.
     0 | D:1      | Reached XP level 1. HP: 10/10 MP: 4/4
   464 | D:1      | Reached XP level 2. HP: 15/15 MP: 3/6
   611 | D:1      | Reached skill level 6 in Conjurations
   959 | D:1      | Reached XP level 3. HP: 6/19 MP: 1/7
  1485 | D:1      | Learned a level 3 spell: Dazzling Flash
  1835 | D:2      | Found a faded altar of an unknown god.
  2345 | D:2      | Learned a level 2 spell: Searing Ray
  2383 | D:2      | Reached XP level 4. HP: 24/24 MP: 5/8
  3176 | D:3      | Found Xehefo's Magic Scroll Boutique.
  4372 | D:4      | Found a hide-covered altar of Uskayaw.
  4384 | D:4      | Found a sacrificial altar of Ru.
  4387 | D:4      | Found a hazy altar of Hepliaklqana.
  4390 | D:4      | Found a glowing silver altar of Zin.
  4652 | D:4      | Found a bloodstained altar of Trog.
  4658 | D:4      | Gained mutation: Your magical nature lets you fly swiftly
                  | and evasively. [Tengu growth]
  4658 | D:4      | Reached XP level 5. HP: 28/28 MP: 7/10
  4691 | D:4      | Found a large runed translucent door.
  4691 | D:4      | Found a large runed translucent door.
  4730 | D:4      | Reached skill level 7 in Conjurations
  5506 | D:4      | Found a burning altar of Makhleb.
  5520 | D:4      | Reached skill level 1 in Unarmed Combat
  5520 | D:4      | Reached XP level 6. HP: 9/33 MP: 9/11
  5935 | D:4      | Found a basalt altar of Yredelemnul.
  5997 | D:5      | Entered Level 5 of the Dungeon
  6002 | D:5      | Shot with an arrow by a centaur

Illustrated notes

Levels and vault maps discovered:
D:1:      grunt_arrival_lava_bath, layout_basic
D:2:      layout_loops_corners, dreamdust_ecumenical_altar_angels_and_demons,
          st_stairs_11
D:3:      wad_lake_hut, layout_basic, serial_shops, nicolae_shop_crystal
D:4:      layout_loops_ring, jmf_multi_god_temple2,
          grunt_temple_overflow_cloverleaf, mainiacjoe_overflow_paths
D:5:      layout_basic, minmay_temple_entry_hall, chequers_jeans,
          kennysheep_opposing_triangles

Skill      XL: |  1  2  3  4  5 |
---------------+----------------+-----
Conjurations   | 6 7 |  7.4
Spellcasting   | 3 |  3.3
Stealth        | 3 |  3.0
Unarmed Combat | 1 |  1.0
Fighting       | |  0.8
Dodging        | |  2.8
Hexes          | |  0.1

Action                   |  1- 3 |  4- 6 || total
-------------------------+-------+-------++-------
Melee: Unarmed           |    18 |    22 ||    40
       Kick              |     7 |     7 ||    14
       Peck              |     2 |     5 ||     7
 Cast: Magic Dart        |    71 |    53 ||   124
       Searing Ray       |     1 |     8 ||     9
       Dazzling Flash    |     1 |     1 ||     2
  Use: Scroll            |       |     7 ||     7
 Stab: Sleeping          |     1 |       ||     1
       Invisible         |       |     1 ||     1
Armor: Robe              |     4 |     4 ||     8
Dodge: Dodged            |    19 |    20 ||    39

Table legend: (Time is in decaauts)
 A = Elapsed time spent in this place.
 B = Non-inter-level travel time spent in this place.
 C = Inter-level travel time spent in this place.
 D = Time resting spent in this place.
 E = Time spent auto-exploring this place.
 F = Levels seen in this place.
 G = Mean time per level.
                   A        B        C        D        E       F      G
               +--------+--------+--------+--------+--------+-----+--------+
         Total |   6010 |   5863 |    147 |   1956 |   3376 |   5 | 1202.0 |
       Dungeon |   6010 |   5863 |    147 |   1956 |   3376 |   5 | 1202.0 |
               +--------+--------+--------+--------+--------+-----+--------+

Top non-repeatable levels by time:
     D:1: 1658 daAuts
     D:4: 1603 daAuts
     D:2: 1516 daAuts
     D:3: 1227 daAuts
     D:5: 4 daAuts
